 Dungeon Crawl Stone Soup version 0.29-a0-284-gf9362112df (webtiles) character file.

Game seed: 12446467753792510857

7072 spaghetti the Frost Mage (level 10, -2/63 HPs)
             Began as a Demonspawn Summoner on Mar 24, 2022.
             Was a Priest of Cheibriados.
             Slain by a freezing wraith (7 damage)
             ... on level 9 of the Dungeon.
             The game lasted 00:35:11 (12276 turns).

spaghetti the Frost Mage (Demonspawn Summoner)     Turns: 12276, Time: 00:35:12

Health: -2/63      AC: 10    Str: 15    XL:     10   Next: 84%
Magic:  6/17       EV: 12    Int: 29    God:    Cheibriados [***...]
Gold:   247        SH:  4    Dex: 22    Spells: 5/19 levels left

rFire   x . .      SeeInvis .   C - staff of cold {!astaff}
rCold   + + .      Faith    .   (no shield)
rNeg    . . .      Spirit   .   E - +0 robe "Woklics" {Stlth+}
rPois   .          Reflect  .   I - +2 hat
rElec   .          Harm     .   (no cloak)
rCorr   .          Rampage  .   y - +0 pair of gloves
Will    .....                   B - +0 pair of boots
Stlth   +++.......              h - amulet of magic regeneration {@e2}
HPRegen 0.20/turn               j - +4 ring of protection
MPRegen 0.55/turn               x - ring of ice

@: mighty, brilliant, very slightly contaminated, slowed, studying Throwing,
very slow
A: hooves 2, ignite blood 1, weakness stinger 2, demonic touch 2, large bone
plates 1, clever 1
a: Renounce Religion, Bend Time, Temporal Distortion


You were on level 9 of the Dungeon.
You worshipped Cheibriados.
Cheibriados was most pleased with you.
You visited 2 branches of the dungeon, and saw 10 of its levels.

You collected 637 gold pieces.
You spent 390 gold pieces at shops.


Innate Abilities, Weirdness & Mutations

You have hoof-like feet.
Your demonic aura sometimes causes spilled blood to erupt in flames.
You have a tail ending in a sharp stinger.
Your touch may inflict irresistible damage on your foes.
You are partially covered in large bone plates. (SH +4)
Your mind is acute. (Int +2)


   Skills:
 - Level 0.2 Fighting
 - Level 0.2(3.0) Slings
 - Level 4.9(5.0) Throwing
 - Level 1.7 Dodging
 - Level 1.7 Stealth
 - Level 5.0 Spellcasting
 - Level 3.0 Conjurations
 + Level 8.2 Summonings
 + Level 9.6 Ice Magic
 + Level 7.4 Air Magic


You had 5 spell levels left.
You knew the following spells:

 Your Spells              Type           Power      Damage    Failure   Level
a - Summon Small Mammal   Summ           100%       N/A       1%          1
b - Call Imp              Summ           70%        N/A       1%          2
c - Call Canine Familiar  Summ           70%        N/A       1%          3
d - Freezing Cloud        Conj/Ice/Air   51%        6-21      11%         5
e - Swiftness             Air            66%        N/A       1%          3

Your spell library contained the following spells:

 Spells                   Type           Power      Damage    Failure   Level
 Ensorcelled Hibernation  Hex/Ice        100%       N/A       1%          2
 Poisonous Vapours        Pois/Air       86%        N/A       1%          2
 Summon Lightning Spire   Summ/Air       68%        N/A       2%          4
 Summon Guardian Golem    Hex/Summ       46%        N/A       3%          3
 Slow                     Hex            40%        N/A       6%          1
 Sting                    Tmut/Pois      40%        1d5       6%          1
 Passwall                 Tmut/Erth      8%         N/A       10%         2
 Confusing Touch          Hex            10%        N/A       19%         3
 Vampiric Draining        Necr           10%        2d6       19%         3
 Olgreb's Toxic Radiance  Pois           10%        N/A       52%         4
 Simulacrum               Ice/Necr       43%        N/A       78%         6
 Polar Vortex             Ice            60%        N/A       100%        9

Inventory:

Hand Weapons
 c - a +0 dagger {short}
   (You found it on level 1 of the Dungeon)
 e - a +0 spear of protection {polearm}
   (You found it on level 1 of the Dungeon)
 l - a +4 hunting sling {sling}
   (You found it on level 1 of the Dungeon)
 t - a +2 spear of venom {polearm}
   (You took it off a gnoll on level 5 of the Dungeon)
 F - a +0 vorpal flail {mace}
   (You took it off an orc on level 4 of the Dungeon)
 G - a +0 dagger of freezing {short}
   (You took it off an orc on level 4 of the Dungeon)
 K - a +1 vorpal shortbow {bow}
   (You took it off a centaur on level 6 of the Dungeon)
 M - a +0 whip of freezing {mace}
   (You took it off Pikel on level 8 of the Dungeon)
 R - a +2 vampiric short sword {short}
   (You took it off an orc on level 8 of the Dungeon)
 S - a +2 hand axe of pain {axe}
   (You took it off an orc on level 8 of the Dungeon)
Missiles
 d - 8 poisoned darts {throwing}
 f - 233 stones (quivered) {throwing}
 k - 5 boomerangs {throwing}
 n - 6 datura-tipped darts {throwing}
 u - 9 atropa-tipped darts {throwing}
Armour
 y - a +0 pair of gloves (worn)
   (You found it on level 5 of the Dungeon)
 B - a +0 pair of boots (worn)
   (You found it on level 6 of the Dungeon)
 E - the +0 robe "Woklics" (worn) {Stlth+}
   (You found it on level 7 of the Dungeon)

   Stlth:     It makes you more stealthy.
 I - a +2 hat (worn)
   (You found it on level 4 of the Dungeon)
Magical Staves
 C - a staff of cold (weapon) {!astaff}
   (You bought it in a shop on level 2 of the Dungeon)
Jewellery
 h - an amulet of magic regeneration (around neck) {@e2}
   (You found it on level 1 of the Dungeon)
 j - a +4 ring of protection (left hand)
   (You found it on level 3 of the Dungeon)
 s - a +6 ring of strength
   (You found it on level 3 of the Dungeon)
 x - a ring of ice (right hand)
   (You found it on level 5 of the Dungeon)
 H - a ring of willpower
   (You found it on level 4 of the Dungeon)
 L - a +4 ring of evasion
   (You found it on level 8 of the Dungeon)
Wands
 q - a wand of paralysis (9)
   (You found it on level 5 of the Dungeon)
 N - a wand of iceblast (10)
   (You found it on level 8 of the Dungeon)
Scrolls
 g - 3 scrolls of silence {!r}
 m - 3 scrolls of teleportation {@r4}
 o - 2 scrolls of enchant armour
 p - 2 scrolls of immolation {!r!r}
 r - a scroll of magic mapping {!r}
 v - a scroll of enchant weapon
 w - a scroll of torment {!r}
 A - 3 scrolls of identify {@r1}
Potions
 a - a potion of might
 b - 2 potions of magic
 i - 3 potions of curing {@q1}
 z - 3 potions of cancellation
 O - a potion of mutation {!q}

Dungeon Overview and Level Annotations

Branches:
Dungeon (9/15)             Temple (1/1) D:7            Lair (0/6) D:8
    Orc: D:9-12

Altars:
Ashenzari
Cheibriados
Dithmenos
Elyvilon
Fedhas
Gozag
Hepliaklqana
Kikubaaqudgha
Makhleb
Nemelex Xobeh
Okawaru
Qazlal
Sif Muna
Trog
Uskayaw
Wu Jian
Xom
Yredelemnul
Zin
The Shining One

Shops:
D:2 *   D:3 ?   D:5 :   D:7 *(   D:8 [(=?=

............#..
..................
...................
........#..........
........#<.........
##..................
....§§....##........
....§§§§§...........
.....y§§§y@..........
......§§§W##....#....
.......§§§.....###...
.......§§§.###.# ...
......c§§####... ..
.......§§........
#####.§§#######....
♣♣.((♣♣ ....
♣.♣.♣.≈§).♣.♣.♣ ...


You could see a freezing wraith, a centaur and 2 killer bees.


Message History

* * * LOW HITPOINT WARNING * * *
Your steam dragon completely misses the killer bee.
Your steam dragon barely misses the killer bee. 😱 HP[-16] MP[-3]
You take 16 damage, and now have 12/63 hp.
MASSIVE DAMAGE!! (PAUSE)
You lost 3 mp, and now have 4/17 mp.
Unknown command.
You feel better.
The killer bee stings you but does no damage.
You block the killer bee's attack. Something hits your steam dragon!
Something freezes your steam dragon!
Your steam dragon dies!
Your steam dragon's corpse dissolves into shadows!
The killer bee closely misses you. You block the killer bee's attack.
A centaur comes into view. 😨 HP[+11] MP[+1]
You regained 11 hp, and now have 23/63 hp.
Casting: Freezing Cloud (quite dangerous; 11% risk of failure)
Confirm with . or Enter, or press ? or * to list all spells.
The spell is quite dangerous to miscast (11% risk of failure)!
Continue anyway?
Aiming: Freezing Cloud (quite dangerous; 11% risk of failure)
Press: ? - help, Dir - move target You feel a huge surge of power!
The centaur shouts!
You hear a shout!
The killer bee closely misses you.
The killer bee stings you but does no damage.
The killer bee stings you.
* * * LOW HITPOINT WARNING * * *
You are poisoned.
The killer bee poisons you!
You block the killer bee's attack. 😨 HP[-1] MP[-3]
You take 1 damage, and now have 22/63 hp.
You lost 3 mp, and now have 2/17 mp.
Unknown command.
Casting: Freezing Cloud (quite dangerous; 11% risk of failure)
Confirm with . or Enter, or press ? or * to list all spells.
You don't have enough magic to cast this spell.
Unknown command.
You hit the killer bee!
You kill the killer bee!
Cheibriados thoroughly appreciates the change of pace.
You feel sick. The killer bee stings you.
* * * LOW HITPOINT WARNING * * *
You are more poisoned.
The killer bee poisons you! You block the orc warrior's attack.
You block the killer bee's attack.
The orc warrior is engulfed in freezing vapours.
The orc warrior misses you. The killer bee stings you.
* * * LOW HITPOINT WARNING * * *
You are lethally poisoned!
The killer bee poisons you! The freezing wraith hits you.
* * * LOW HITPOINT WARNING * * *
The freezing wraith freezes you. You resist.
* * * LOW HITPOINT WARNING * * *
The freezing wraith barely misses you. 😱 HP[-16] MP[+1]
You take 16 damage, and now have 6/63 hp.
MASSIVE DAMAGE!! (PAUSE)
Okay, then.
You feel better. You block the killer bee's attack.
The killer bee barely misses you.
The orc warrior is engulfed in freezing vapours.
You kill the orc warrior!
Cheibriados thoroughly appreciates the change of pace.
The freezing wraith hits you but does no damage.
The freezing wraith hits you.
* * * LOW HITPOINT WARNING * * *
The freezing wraith drains your vigour!
You feel yourself slow down. 😱 HP[+6] MP[+1]
You regained 6 hp, and now have 12/63 hp.
You feel better. The killer bee barely misses you.
The killer bee closely misses you. The freezing wraith hits you.
* * * LOW HITPOINT WARNING * * *
The freezing wraith freezes you. You resist.
* * * LOW HITPOINT WARNING * * *
The freezing wraith hits you!
* * * LOW HITPOINT WARNING * * *
The freezing wraith drains your vigour!
You feel as though you will be slow longer.
The killer bee closely misses you. 😱 HP[-11] MP[+1]
You take 11 damage, and now have 1/63 hp.
Unknown command.
Okay, then.
You feel better. The killer bee closely misses you.
The freezing wraith hits you but does no damage.
The freezing wraith barely misses you. The killer bee barely misses you.
The freezing wraith hits you but does no damage.
The freezing wraith closely misses you.
The killer bee stings you but does no damage. 😱 HP[+9]
You regained 9 hp, and now have 10/63 hp.
Okay, then.
You fail to use your ability.
The killer bee stings you.
* * * LOW HITPOINT WARNING * * *
The killer bee barely misses you. The freezing wraith hits you!
You die...

Skill      XL: |  1  2  3  4  5  6  7  8  9 10 |
---------------+-------------------------------+-----
Summonings     | 5 6 8 |  8.2
Spellcasting   | 3 4 5 |  5.0
Conjurations   | 1 2 3 |  3.0
Ice Magic      | 1 2 4 7 8 9 |  9.6
Air Magic      | 1 2 4 5 7 |  7.4
Throwing       | 2 4 |  4.9
Fighting       | |  0.2
Slings         | |  0.2
Dodging        | |  1.7
Stealth        | |  1.7

Action                   |  1- 3 |  4- 6 |  7- 9 | 10-12 || total
-------------------------+-------+-------+-------+-------++-------
Melee: Unarmed           |    15 |       |       |       ||    15
       Spear             |    90 |   133 |   167 |       ||   390
       Kick              |    25 |    24 |    31 |       ||    80
       Tailslap          |       |    10 |    27 |     2 ||    39
       Touch             |       |       |    40 |     9 ||    49
       Headbutt          |       |       |    15 |       ||    15
       Punch             |       |       |     5 |       ||     5
       Staff             |       |       |    56 |    30 ||    86
Throw: Stone             |       |       |    41 |    29 ||    70
 Cast: Summon Small Mamm |    34 |     3 |    10 |       ||    47
       Call Imp          |     8 |     8 |    21 |     1 ||    38
       Call Canine Famil |     7 |    11 |    24 |     1 ||    43
       Freezing Cloud    |       |       |    11 |    14 ||    25
  Use: Scroll            |     4 |     6 |     5 |     2 ||    17
       Potion            |     1 |       |     2 |     7 ||    10
 Stab: Sleeping          |     7 |     1 |     5 |       ||    13
       Distracted        |     1 |     1 |       |       ||     2
Armor: Robe              |    49 |    58 |    86 |    20 ||   213
Dodge: Dodged            |    94 |    85 |   173 |    44 ||   396
Block: Other             |       |       |    25 |     8 ||    33

Levels and vault maps discovered:
D:1:      psy_arrival_whirlpool, layout_basic, minmay_octomino_j4
D:2:      layout_basic, hellmonk_ecumenical_altar_arch_garden, serial_shops,
          nicolae_shop_crystal
D:3:      layout_basic, serial_shops, shop_scrolls, lightli_sewer_entry_pipes,
          hex_large, minmay_starry_boxes
D:4:      layout_basic, uniq_eustachio
D:5:      layout_loops_cross, serial_shops, nicolae_diamond_shop
D:6:      lemuel_ratsnest, layout_layer_cave, abandoned_shop,
          serial_park_tiny_2, minmay_manual_mares
D:7:      layout_basic, minmay_temple_entry_antechambers, serial_shops,
          nicolae_shop_crystal, nicolae_shop_bloodbath_and_beyond
D:8:      layout_basic, nicolae_qazlal_eye_of_the_storm, dpeg_oklobed_lair,
          special_room [special_room_orc], serial_shops, shop,
          nicolae_shop_stone, shop, nicolae_square_shop,
          nicolae_shop_behind_doors, uniq_pikel
D:9:      nzn_winding_woodlands_small [nzn_winding_woodlands_5x15_sawtooth,
          nzn_winding_woodlands_center_pierced_h,
          nzn_winding_woodlands_5x15_pool], layout_cave_pools,
          nicolae_ru_great_annihilating_truth, general_overflow_altar,
          grunt_ministairs_9
Temple:   mainiacjoe_temple_bowtie_tessellation

Notes
Turn   | Place    | Note
-------+----------+-------------------------------------------
     0 | D:1      | spaghetti the Demonspawn Summoner began the quest for the
                  | Orb.
     0 | D:1      | Reached XP level 1. HP: 13/13 MP: 3/3
     0 | D:1      | magus.rc [v1.9.6]
    88 | D:1      | HP: 3/13 [goblin/+0 club (2)]
    91 | D:1      | HP: 1/13 [goblin/+0 club (1)]
   590 | D:1      | You feel monstrous as your demonic heritage exerts itself.
   590 | D:1      | Discovered your monstrous ancestry.
   590 | D:1      | Gained mutation: You have large cloven feet. [demonic
                  | ancestry]
   590 | D:1      | Reached XP level 2. HP: 18/19 MP: 1/5
  1504 | D:2      | Found Buji Woi's General Store.
  1525 | D:2      | You pick up a book of Burglary and begin reading...
  1525 | D:2      | You add the spells Passwall, Ensorcelled Hibernation and
                  | Swiftness to your library.
  1557 | D:2      | Learned a level 2 spell: Call Imp
  1577 | D:2      | Reached skill level 5 in Summonings
  1577 | D:2      | Gained mutation: You have hoof-like feet. [demonic
                  | ancestry]
  1577 | D:2      | Reached XP level 3. HP: 24/24 MP: 6/6
  1694 | D:2      | You pick up a book of Ice and begin reading...
  1694 | D:2      | You add the spells Freezing Cloud, Simulacrum and Polar
                  | Vortex to your library.
  1731 | D:2      | Learned a level 3 spell: Call Canine Familiar
  1737 | D:2      | You pick up a book of Debilitation and begin reading...
  1737 | D:2      | You add the spells Slow, Vampiric Draining and Confusing
                  | Touch to your library.
  2372 | D:2      | Found a faded altar of an unknown god.
  2641 | D:3      | Noticed a phantom
  2687 | D:3      | Gained mutation: You have a small tail. [demonic ancestry]
  2687 | D:3      | Reached XP level 4. HP: 16/30 MP: 6/8
  2702 | D:3      | Killed a phantom
  2703 | D:3      | Reached skill level 3 in Spellcasting
  2703 | D:3      | Gained mutation: Your demonic aura sometimes causes spilled
                  | blood to erupt in flames. [demonic ancestry]
  2703 | D:3      | Reached XP level 5. HP: 21/35 MP: 8/10
  2881 | D:3      | Reached skill level 4 in Spellcasting
  2889 | D:3      | Learned a level 5 spell: Freezing Cloud
  3360 | D:3      | Found Jatidyf's Magic Scroll Emporium.
  3376 | D:3      | Bought a scroll of enchant armour for 82 gold pieces
  3376 | D:3      | Bought a scroll of teleportation for 33 gold pieces
  3561 | D:3      | Reached skill level 1 in Conjurations
  3790 | D:3      | Reached skill level 1 in Ice Magic
  3798 | D:3      | Reached skill level 1 in Air Magic
  3801 | D:3      | Gained mutation: You have a tail ending in a sharp stinger.
                  | [demonic ancestry]
  3801 | D:3      | Reached XP level 6. HP: 28/41 MP: 12/12
  4216 | D:3      | You fall into a shaft and drop 2 floors!
  4216 | D:5      | Entered Level 5 of the Dungeon
  4620 | D:5      | Reached skill level 5 in Spellcasting
  4620 | D:5      | Reached skill level 2 in Conjurations
  4620 | D:5      | Reached skill level 2 in Ice Magic
  4744 | D:5      | Reached skill level 2 in Air Magic
  4744 | D:5      | Gained mutation: Your touch may inflict minor irresistible
                  | damage on your foes. [demonic ancestry]
  4744 | D:5      | Reached XP level 7. HP: 35/46 MP: 14/14
  4983 | D:5      | Reached skill level 3 in Ice Magic
  5127 | D:5      | Found Towutz's Book Boutique.
  5144 | D:5      | Reached skill level 4 in Ice Magic
  5416 | D:5      | Learned a level 3 spell: Swiftness
  5814 | D:6      | Gained mutation: Your touch may inflict irresistible damage
                  | on your foes. [demonic ancestry]
  5814 | D:6      | Reached XP level 8. HP: 35/52 MP: 12/15
  6011 | D:6      | Reached skill level 3 in Air Magic
  6720 | D:6      | Gained mutation: You are dopey. (Int -2) [potion of
                  | mutation]
  6720 | D:6      | Gained mutation: You have a pair of small horns on your
                  | head. [potion of mutation]
  7061 | D:6      | Reached skill level 5 in Ice Magic
  7068 | D:6      | Reached skill level 6 in Summonings
  7484 | D:7      | Found Rafacole's Weapon Shoppe.
  7484 | D:7      | Found Puymuafu's Assorted Antiques.
  7491 | D:7      | Reached skill level 4 in Air Magic
  7508 | D:7      | Reached skill level 6 in Ice Magic
  7655 | D:7      | Reached skill level 7 in Ice Magic
  7656 | D:7      | Identified the +0 robe "Woklics" {Stlth+}
  7776 | D:7      | Reached skill level 2 in Throwing
  7851 | D:7      | Lost mutation: You are dopey. (Int -2) [potion of mutation]
  7851 | D:7      | Lost mutation: You have a pair of small horns on your head.
                  | [potion of mutation]
  7851 | D:7      | Gained mutation: You are partially covered in large bone
                  | plates. (SH +4) [potion of mutation]
  7851 | D:7      | Gained mutation: Your mind is acute. (Int +2) [potion of
                  | mutation]
  7923 | D:7      | Reached XP level 9. HP: 57/57 MP: 16/16
  7962 | D:7      | Reached skill level 3 in Throwing
  8012 | D:7      | Found a staircase to the Ecumenical Temple.
  8039 | Temple   | Entered the Ecumenical Temple
  8315 | Temple   | Became a worshipper of Cheibriados the Contemplative
  8442 | D:4      | Noticed Eustachio
  8455 | D:4      | Killed Eustachio
  8456 | D:4      | Reached skill level 4 in Throwing
  8755 | D:2      | Bought a staff of cold for 275 gold pieces
  9114 | D:4      | You add the spells Sting, Poisonous Vapours and Olgreb's
                  | Toxic Radiance to your library.
  9714 | D:7      | HP: 12/57 [cloud of freezing vapour (7)]
  9719 | D:7      | HP: 8/57 [poisoned by a killer bee]
 10337 | D:8      | Reached * piety under Cheibriados
 10359 | D:8      | Found a staircase to the Lair.
 10370 | D:8      | Noticed Pikel
 10379 | D:8      | Killed Pikel
 10380 | D:8      | Reached skill level 3 in Conjurations
 10496 | D:8      | Found Ommexootz's Weapon Boutique.
 10574 | D:8      | Found Unaimaxu's Armour Boutique.
 10646 | D:8      | Reached skill level 8 in Ice Magic
 10646 | D:8      | Reached skill level 5 in Air Magic
 10834 | D:8      | Found Kudeom's Magic Scroll Shop.
 10834 | D:8      | Found Qosangue's Jewellery Boutique.
 11269 | D:8      | Found Ximej's Jewellery Shop.
 11376 | D:8      | Reached XP level 10. HP: 46/63 MP: 8/17
 11461 | D:8      | Reached skill level 6 in Air Magic
 11727 | D:8      | Found a stormy altar of Qazlal.
 11747 | D:8      | Reached ** piety under Cheibriados
 11751 | D:8      | Reached skill level 7 in Summonings
 12209 | D:9      | Reached skill level 9 in Ice Magic
 12215 | D:9      | Noticed a red ugly thing
 12223 | D:9      | Killed a red ugly thing
 12244 | D:9      | Noticed a two-headed ogre
 12249 | D:9      | Reached *** piety under Cheibriados
 12250 | D:9      | Killed a two-headed ogre
 12251 | D:9      | Reached skill level 7 in Air Magic
 12252 | D:9      | Reached skill level 8 in Summonings
 12257 | D:9      | HP: 11/63 [something (6)]
 12269 | D:9      | HP: 12/63 [killer bee (6)]
 12274 | D:9      | HP: 12/63 [freezing wraith (4)]
 12274 | D:9      | HP: 1/63 [freezing wraith (11)]
 12276 | D:9      | Slain by a freezing wraith

Vanquished Creatures
  A two-headed ogre (D:9)
  Pikel (D:8)
  An ugly thing (D:9)
  An efreet (D:9)
  Eustachio (D:4)
  3 wyverns (D:8)
  8 yaks
  2 ice beasts (D:7)
  6 orc warriors
  A black bear (D:7)
  A sky beast (D:5)
  2 centaurs
  2 lemures (D:8)
  A phantom (D:6)
  5 bullfrogs
  A scorpion (D:7)
  2 necrophages
  10 killer bees
  A howler monkey (D:9)
  3 orc priests
  2 hounds (D:7)
  2 iguanas (D:6)
  An orc wizard (D:9)
  13 adders
  9 gnolls
  6 river rats
  A shadow imp (D:8)
  4 worms
  A dart slug (D:4)
  33 orcs
  4 endoplasms
  3 giant cockroaches
  3 goblins
  3 hobgoblins
  3 kobolds
  4 quokkas
  4 ball pythons
  4 bats
  2 frilled lizards (D:3)
  19 rats
174 creatures vanquished.

Vanquished Creatures (collateral kills)
  A vampire (D:9)
  A sky beast (D:8)
  An ice beast (D:8)
  An ogre (D:5)
  A centaur (D:6)
  2 phantoms
  A necrophage (D:8)
  A howler monkey (D:8)
  A hound (D:6)
  A gnoll shaman (D:5)
  An orc priest (D:6)
  An iguana (D:5)
  4 gnolls
  5 adders
  3 river rats
  A white imp (D:7)
  5 orcs
  2 goblins
  4 hobgoblins
  3 kobolds
  2 quokkas (D:6)
  4 ball pythons
  6 bats
  3 frilled lizards
  2 rats (D:6)
57 creatures vanquished.

Vanquished Creatures (others)
  7 fungi (D:8)
  4 plants (D:8)
11 creatures vanquished.

Grand Total: 242 creatures vanquished

Table legend:
 A = Non-vault XP
 B = Vault XP
 C = Vault XP percentage of total XP
 D = Non-vault monster count
 E = Vault monster count
 F = Vault count percentage of total count
                 A         B        C        D         E       F
            +---------+---------+-------+---------+---------+-------
      Total |    5343 |    4760 |  47.1 |     146 |      83 |  36.2
            +---------+---------+-------+---------+---------+-------
        D:1 |      28 |       7 |  20.0 |      19 |       4 |  17.4
        D:2 |      42 |       0 |   0.0 |      17 |       0 |   0.0
        D:3 |     218 |     114 |  34.3 |      22 |      12 |  35.3
        D:4 |      90 |     208 |  69.8 |      18 |       1 |   5.3
        D:5 |     794 |       0 |   0.0 |      19 |       0 |   0.0
        D:6 |     352 |     447 |  55.9 |      13 |      28 |  68.3
        D:7 |    1084 |       0 |   0.0 |      17 |       0 |   0.0
        D:8 |    2604 |    1141 |  30.5 |      19 |      25 |  56.8
        D:9 |     131 |    2843 |  95.6 |       2 |      13 |  86.7
            +---------+---------+-------+---------+---------+-------

Illustrated notes

Table legend:
 A = Kills in this place as a percentage of kills in entire the game.
 B = Kills by you in this place as a percentage of kills by you in the entire game.
 C = Kills by friends in this place as a percentage of kills by friends in the entire game.
 D = Other kills in this place as a percentage of other kills in the entire game.
 E = Experience gained in this place as a percentage of experience gained in the entire game.
 F = Experience gained in this place divided by the number of levels of this place that you have seen.
                   A       B       C       D       E      F
               +-------+-------+-------+-------+-------+----------------------
         Total | 100.0 | 100.0 | 100.0 |   N/A | 100.0 | 1010.3
       Dungeon | 100.0 | 100.0 | 100.0 |   N/A | 100.0 | 1122.6
               +-------+-------+-------+-------+-------+----------------------

Table legend: (Time is in decaauts)
 A = Elapsed time spent in this place.
 B = Non-inter-level travel time spent in this place.
 C = Inter-level travel time spent in this place.
 D = Time resting spent in this place.
 E = Time spent auto-exploring this place.
 F = Levels seen in this place.
 G = Mean time per level.
                   A        B        C        D        E       F      G
               +--------+--------+--------+--------+--------+-----+--------+
         Total |  13096 |  12301 |    795 |   1638 |   8726 |  10 | 1309.6 |
       Dungeon |  12798 |  12061 |    737 |   1638 |   8514 |   9 | 1422.0 |
        Temple |    298 |    241 |     57 |      0 |    212 |   1 |  298.0 |
               +--------+--------+--------+--------+--------+-----+--------+

Top non-repeatable levels by time:
     D:3: 2279 daAuts
     D:8: 2190 daAuts
     D:6: 1850 daAuts
     D:5: 1644 daAuts
     D:1: 1510 daAuts
     D:7: 1455 daAuts
     D:2: 1012 daAuts
     D:4: 754 daAuts
  Temple: 298 daAuts
     D:9: 100 daAuts
